 Dungeon Crawl Stone Soup version 0.25-b1-23-ge2ad7d536c (webtiles) character file.

Game seed: 6585399265915090925, levelgen mode: deterministic

23 Esekla the Magician (level 2, 0/18 HPs)
             Began as an Octopode Wizard on June 3, 2020.
             Slain by an adder zombie (2 damage)
             ... on level 2 of the Dungeon.
             The game lasted 00:06:05 (1275 turns).

Esekla the Magician (Octopode Wizard)               Turns: 1275, Time: 00:06:06

Health: 0/18       AC:  1    Str:  6    XL:     2   Next: 95%
Magic:  4/6        EV: 13    Int: 20    God:
Gold:   10         SH:  0    Dex: 10    Spells: 7/8 levels left

rFire    . . .     SeeInvis .   j - +0 short sword
rCold    . . .     Gourm    .   (no shield)
rNeg     . . .     Faith    .   a - +0 hat
rPois    .         Spirit   .   (no amulet)
rElec    .         Reflect  .   e - ring of protection from magic
rCorr    .         Harm     .   (no ring)
MR       +....                  (no ring)
Stlth    +++.......             (no ring)
HPRegen  0.06/turn              (no ring)
MPRegen  0.10/turn              (no ring)
                                (no ring)
                                (no ring)

@: no status effects
A: almost no armour, stealthy swim, amphibious, 8 rings, constrict 8, camouflage
1, gelatinous body 1
a: no special abilities


You were on level 2 of the Dungeon.
You were not hungry.

You visited 1 branch of the dungeon, and saw 2 of its levels.

You collected 10 gold pieces.

Inventory:

Hand Weapons
 j - a +0 short sword (weapon)
Missiles
 f - 13 poisoned darts (quivered)
Armour
 a - a +0 hat (worn)
Jewellery
 e - a ring of protection from magic (left tentacle)
Scrolls
 b - a scroll of amnesia {unknown}
 d - a scroll of fog {unknown}
Potions
 g - a potion of curing {unknown}
 h - 2 potions of flight {unknown}
Comestibles
 c - a ration
 i - a chunk of flesh


   Skills:
 * Level 0.4 Fighting
 + Level 2.2 Dodging
 - Level 2.6 Stealth
 * Level 3.5 Spellcasting
 * Level 1.2 Conjurations
   Level 1.0 Summonings
   Level 1.0 Translocations


You had 7 spell levels left.
You knew the following spells:

 Your Spells              Type           Power        Failure   Level  Hunger
a - Magic Dart            Conj           #...         9%          1    None

Your spell library contained the following spells:

 Spells                   Type           Power        Failure   Level  Hunger
 Blink                    Tloc           N/A          14%         2    ##.....
 Call Imp                 Summ           #.......     14%         2    ##.....
 Slow                     Hex            #.......     21%         2    ##.....
 Conjure Flame            Conj/Fire      #.......     30%         3    ###....
 Mephitic Cloud           Conj/Pois/Air  #.......     34%         3    ###....


Dungeon Overview and Level Annotations

Branches:
Dungeon (2/15)

Altars:


Innate Abilities, Weirdness & Mutations

You cannot wear most types of armour.
You are very stealthy in the water. (Stealth+)
You are amphibious.
You can wear up to eight rings at the same time.
You can use your tentacles to constrict eight enemies at once.
Your skin changes colour to match your surroundings (Stealth+).
Your rubbery body absorbs attacks. (AC +1, EV +1)


Message History

Aiming: Magic Dart (safe; 9% risk of failure)
Press: ? - help, Shift-Dir - straight line, f/p - kobold
Aim: a kobold, wielding a +0 short sword and quivering a stone (heavily wounded, constricted by you)
The magic dart hits the kobold.
You kill the kobold!
You hit the adder zombie. Your grab misses the adder zombie.
The adder zombie is heavily damaged.
The adder zombie bites you.
* * * LOW HITPOINT WARNING * * *
You barely miss the adder zombie. You grab the adder zombie.
The adder zombie is heavily damaged.
You constrict the adder zombie. The adder zombie misses you.
You release your grip on the adder zombie.
The adder zombie bites you but does no damage.
You hit the adder zombie but do no damage.
You grab the adder zombie.
The adder zombie is heavily damaged.
You constrict the adder zombie, but do no damage.
The adder zombie bites you.
You die...

### #.# ##
#.####### #.
#.....รท<# #.
###.####### #.
#...# ####.###
#.### #?.K... #@#
###.88..# #Z#
......8.#####.#
โ‰ˆ.........)...#
โ‰ˆ..####.#####.#
โ‰ˆ ....g.......#
.####.Z...#.#
#.#####.# #.. #.#


You could see an adder zombie.

Vanquished Creatures
  An adder zombie (D:2)
  A dart slug (D:1)
  A ball python (D:2)
  A bat zombie (D:2)
  A giant cockroach (D:1)
  3 kobolds
  3 bats (D:1)
  3 goblins
  4 rats
18 creatures vanquished.

Notes
Turn   | Place    | Note
-------+----------+-------------------------------------------
     0 | D:1      | Esekla the Octopode Wizard began the quest for the Orb.
     0 | D:1      | Reached XP level 1. HP: 11/11 MP: 4/4
   843 | D:1      | Reached XP level 2. HP: 15/17 MP: 6/6
  1275 | D:2      | Slain by an adder zombie

Illustrated notes

Levels and vault maps discovered:
D:1:      minmay_arrival_up_and_down, layout_basic
D:2:      cheibrodos_helix_gallery, layout_basic, old_standard_altar,
          first_ration, serial_undead, serial_undead_f, serial_undead_f,
          serial_undead_e, serial_undead_e, serial_undead_a, serial_undead_a

Action                   || total
-------------------------++-------
Melee: Unarmed           ||     7
       Constrict         ||    12
       Dagger            ||     6
       Tentacles         ||     3
       Short sword       ||    21
 Cast: Magic Dart        ||    22
 Stab: Sleeping          ||     3
  Eat: Chunk             ||     1
Armor: Skin              ||     7
Dodge: Dodged            ||    44
